 Dungeon Crawl Stone Soup version 0.31.0-9-g3a7656b989 (webtiles) character file.

Game seed: 1308804297944393750

3368 qw the Markself (level 9, -3/51 HPs)
             Began as a Deep Elf Hunter on Feb 2, 2024.
             Was a Believer of Okawaru.
             Slain by an Executioner (7 damage)
             ... on level 2 of the Abyss.
             The game lasted 00:00:34 (7161 turns).

qw the Markself (Deep Elf Hunter)                   Turns: 7161, Time: 00:00:34

Health: -3/51      AC: 23    Str: 12    XL:     9   Next: 73%
Magic:  12/14      EV: 21    Int: 15    God:    Okawaru [**....]
Gold:   328        SH:  0    Dex: 29    Spells: 8/8 levels left

rFire   . . .        r - +1 orcbow
rCold   . . .        (shield currently unavailable)
rNeg    . . .        c - +5 ring mail of Mumblety Peg {*Slow Regen+ Dex+5}
rPois   .            l - +1 helmet
rElec   .            t - +0 cloak
rCorr   .            m - +0 pair of gloves
SInv    .            k - +2 pair of boots
Will    .....        e - amulet of the acrobat
Stlth   +++          s - +6 ring of dexterity
HPRegen 1.08/turn    h - +4 ring of protection
MPRegen 0.14/turn

%: slow self (1%), acrobat
@: heroic, hasted, very quick
A: no striking features
a: Renounce Religion, Heroism


You were on level 2 of the Abyss.
You worshipped Okawaru.
Okawaru was pleased with you.
You visited 2 branches of the dungeon, and saw 10 of its levels.
You visited the Abyss 1 time.

You collected 361 gold pieces.
You spent 33 gold pieces at shops.


   Skills:
 + Level 3.4(8.4) Fighting
 - Level 15.1(20.1) Ranged Weapons
 - Level 2.1(7.1) Armour
 - Level 7.0(12.0) Dodging
 - Level 1.2(6.2) Stealth
 - Level 4.0 Invocations


You had 8 spell levels left.
You didn't know any spells.
Your spell library was empty.

Inventory:

Hand Weapons
 r - a +1 orcbow (weapon)
Armour
 c - the +5 ring mail of Mumblety Peg (worn) {*Slow Regen+ Dex+5}
   (You found it on level 6 of the Dungeon)

   Dex+5:     It affects your dexterity (+5).
   Regen+:    It increases your rate of health regeneration.
   *Slow:     It may slow you when you take damage.
 k - a +2 pair of boots (worn)
 l - a +1 helmet (worn)
 m - a +0 pair of gloves (worn)
 t - a +0 cloak (worn)
Jewellery
 e - an amulet of the acrobat (around neck)
 h - a +4 ring of protection (right hand)
 n - an amulet of guardian spirit
 s - a +6 ring of dexterity (left hand)
Wands
 a - a wand of acid (6)
Scrolls
 f - a scroll of teleportation
Potions
 b - 3 potions of resistance
 d - 2 potions of haste
 i - 3 potions of heal wounds
 j - 2 potions of curing
 o - a potion of magic
 p - 2 potions of mutation

Dungeon Overview and Level Annotations

Branches:
Dungeon (9/15)             Temple (1/1) D:6
   Lair: D:8-11         Orc: D:9-12

Altars:
Ashenzari
Cheibriados
Dithmenos
Elyvilon
Fedhas
Gozag
Hepliaklqana
Kikubaaqudgha
Makhleb
Nemelex Xobeh
Okawaru
Qazlal
Ru
Sif Muna
Trog
Uskayaw
Vehumet
Wu Jian
Xom
Yredelemnul
Zin
The Shining One

Shops:
D:2 !

Annotations:
D:9 Erolcha


Message History

The Executioner hits you but does no damage. x2
7155 ||| DRINKING 3 potions of haste.
You feel yourself speed up.
The Executioner hits you but does no damage.
The Executioner hits you.
The Executioner hits you but does no damage. x2
The Executioner barely misses you.
The Executioner hits you but does no damage. x2
The Executioner completely misses you. The Executioner hits you.
You shoot an arrow. The arrow misses the Executioner.
The Executioner completely misses you. The Executioner barely misses you.
The Executioner hits you but does no damage.
You shoot an arrow.
The arrow closely misses the Executioner.
The Executioner hits you but does no damage.
The Executioner misses you.
The Executioner hits you but does no damage.
The Executioner misses you. The Executioner closely misses you.
The Executioner misses you.
You shoot an arrow. The arrow hits the Executioner!!
The Executioner is moderately wounded.
The Executioner hits you. The Executioner barely misses you.
The Executioner hits you but does no damage.
The Executioner barely misses you.
The Executioner hits you but does no damage.
The Executioner closely misses you.
You shoot an arrow.
The arrow hits the Executioner but does no damage.
The Executioner is moderately wounded.
The Executioner misses you. The Executioner barely misses you.
The Executioner hits you.
You shoot an arrow. The arrow hits the Executioner.
The Executioner is moderately wounded.
The Executioner hits you!
The Executioner hits you but does no damage. x2
You shoot an arrow. The arrow hits the Executioner!!
The Executioner is heavily wounded.
The Executioner hits you! The Executioner hits you.
The Executioner hits you but does no damage.
The Executioner hits you!
You die...

#.### ### #.#.
.#..## #...
..##..##..
......#..#####
. .#.... #..##
#
#.##...###..#
#. #.
#..1#...# ..
#. ##..
.#@...#
##.###.###
#..####### ..
......# .#.#
#.. # .... .#
#._.#.# .#.#
#.. ... .##..
##. . #...
.##..#..# .
.#.#..
..#...##..## .
.. ##.#..#..
.#


You could see an Executioner (fast).

Vanquished Creatures
  A hornet (D:8)
  Sigmund (D:4)
  A fire bat (D:7)
  Edmund (D:5)
  2 water moccasins
  2 orc warriors
  An ice beast (D:7)
  6 sky beasts
  2 ogres
  A phantom (D:5)
  A centaur (D:5)
  4 bullfrogs
  2 kobold brigands
  4 scorpions
  A wight (D:8)
  A bombardier beetle (D:4)
  4 hounds
  A jelly (D:6)
  3 iguanas
  8 orc wizards
  A sleepcap (D:6)
  Robin (D:2)
  4 gnolls (D:4)
  5 adders
  A shadow imp (D:5)
  2 white imps
  2 dart slugs
  5 ribbon worms
  16 orcs
  6 bats
  5 endoplasms
  3 giant cockroaches
  9 goblins
  14 hobgoblins
  3 jackals (D:2)
  4 quokkas
  9 ball pythons
  5 frilled lizards
  16 kobolds
  4 rats
162 creatures vanquished.

Notes
Turn   | Place    | Note
-------+----------+-------------------------------------------
     0 | D:1      | qw the Deep Elf Hunter began the quest for the Orb.
     0 | D:1      | Reached XP level 1. HP: 12/12 MP: 3/3
     0 | D:1      | 0 ||| qw: Version: 0.3-a-155-g5e7d8dd
     0 | D:1      | 0 ||| qw: Game counter: 991
     0 | D:1      | 0 ||| qw: Melee chars always use a shield: true
     0 | D:1      | 0 ||| qw: God list: Okawaru
     0 | D:1      | 0 ||| qw: Allow faded altars: false
     0 | D:1      | 0 ||| qw: Do Orc after clearing Dungeon:15 true
     0 | D:1      | 0 ||| qw: Do second Lair branch before Depths: true
     0 | D:1      | 0 ||| qw: Lair rune preference: random
     0 | D:1      | 0 ||| qw: Goals: Normal
     0 | D:1      | 0 ||| PLANNING D:1-11
   294 | D:1      | Reached skill level 6 in Ranged Weapons
   294 | D:1      | Reached XP level 2. HP: 16/16 MP: 4/4
   470 | D:1      | You fall into a shaft and drop 1 floor!
   541 | D:2      | Reached XP level 3. HP: 20/20 MP: 5/5
   560 | D:2      | Noticed Robin
   568 | D:2      | Killed Robin
   569 | D:2      | Reached skill level 7 in Ranged Weapons
   627 | D:2      | 627 ||| UPGRADING to +0 pair of boots.
   632 | D:2      | 632 ||| UPGRADING to +0 ring mail.
   642 | D:2      | 642 ||| DROPPING +0 leather armour.
   643 | D:2      | 643 ||| UPGRADING to +1 helmet.
   648 | D:2      | 648 ||| UPGRADING to amulet of the acrobat.
   653 | D:2      | 653 ||| UPGRADING to +4 ring of protection.
   654 | D:2      | 654 ||| UPGRADING to ring of resist corrosion.
   655 | D:2      | 655 ||| READING 2 scrolls labelled COTZISUUTE.
   655 | D:2      | 655 ||| IDENTIFYING emerald potion
   656 | D:2      | 656 ||| READING scroll of identify.
   656 | D:2      | 656 ||| IDENTIFYING 2 fuming yellow potions
   657 | D:2      | 657 ||| DROPPING scroll of butterflies.
   918 | D:2      | Found Juhotham's Distillery.
   927 | D:2      | Reached XP level 4. HP: 25/25 MP: 6/6
   929 | D:2      | 929 ||| SHOPLISTING potion of cancellation (88 gold, have
                  | 48).
   929 | D:2      | 929 ||| BUYING potion of curing (33 gold).
   929 | D:2      | Bought a potion of curing for 33 gold pieces
   929 | D:2      | 929 ||| SHOPLISTING potion of curing (33 gold, have 15).
  1403 | D:2      | 1403 ||| READING scroll of identify.
  1403 | D:2      | 1403 ||| IDENTIFYING black potion
  1404 | D:2      | 1404 ||| READING scroll labelled PETHOSS VEATRE.
  1405 | D:2      | 1405 ||| DROPPING potion of magic.
  1822 | D:3      | Reached skill level 8 in Ranged Weapons
  1957 | D:3      | Reached XP level 5. HP: 29/29 MP: 7/7
  1959 | D:3      | 1959 ||| DRINKING 3 potions of curing.
  1959 | D:3      | 1959 ||| (to cure confusion)
  2133 | D:3      | Reached skill level 9 in Ranged Weapons
  2286 | D:3      | 2286 ||| READING scroll labelled TECEOL QUUGRI.
  2291 | D:3      | 2291 ||| DRINKING 2 fuming purple potions.
  2643 | D:4      | 2643 ||| SWAPPING to +0 orcbow.
  2644 | D:4      | 2644 ||| DROPPING +0 shortbow.
  2750 | D:4      | Reached skill level 1 in Armour
  2754 | D:4      | Reached XP level 6. HP: 35/35 MP: 8/8
  3099 | D:4      | Noticed Sigmund
  3107 | D:4      | Killed Sigmund
  3108 | D:4      | Reached skill level 10 in Ranged Weapons
  3150 | D:4      | 3150 ||| UPGRADING to +0 cloak.
  3155 | D:4      | 3155 ||| DROPPING ring of ice.
  3156 | D:4      | 3156 ||| UPGRADING to +6 ring of dexterity.
  3158 | D:4      | 3158 ||| UPGRADING to +4 ring of protection.
  3160 | D:4      | 3160 ||| DROPPING ring of resist corrosion.
  3161 | D:4      | 3161 ||| READING scroll of identify.
  3161 | D:4      | 3161 ||| IDENTIFYING blue potion
  3162 | D:4      | 3162 ||| READING scroll labelled WAF DEORACSOP.
  3163 | D:4      | 3163 ||| READING scroll labelled POSIAZX FAVVU.
  3164 | D:4      | 3164 ||| READING scroll labelled RINAKHLI JUMI.
  3265 | D:4      | 3265 ||| DRINKING 2 sedimented green potions.
  3266 | D:4      | 3266 ||| DROPPING potion of degeneration.
  3280 | D:5      | Entered Level 5 of the Dungeon
  3306 | D:5      | Reached skill level 3 in Dodging
  3306 | D:5      | Reached XP level 7. HP: 40/40 MP: 9/9
  3466 | D:5      | Reached skill level 11 in Ranged Weapons
  3469 | D:5      | Noticed Edmund
  3487 | D:5      | Killed Edmund
  3631 | D:5      | Reached XP level 8. HP: 24/44 MP: 10/10
  3769 | D:5      | Reached skill level 12 in Ranged Weapons
  4069 | D:5      | 4069 ||| READING scroll of identify.
  4069 | D:5      | 4069 ||| IDENTIFYING scroll labelled HAEZOCZ SACILL
  4070 | D:5      | 4070 ||| READING 3 scrolls labelled BOVIKH XIYCOUL.
  4071 | D:5      | 4071 ||| DROPPING scroll of fear.
  4072 | D:5      | 4072 ||| DROPPING 2 scrolls of poison.
  4074 | D:5      | 4074 ||| Stepping ~*~*~tactically~*~*~ (cloud).
  4209 | D:6      | Reached skill level 3 in Fighting
  4301 | D:6      | HP: 11/46 [jelly (3)]
  4301 | D:6      | HP: 3/46 [acid (8)]
  4302 | D:6      | 4302 ||| READING scroll of teleportation.
  4303 | D:6      | 4303 ||| DRINKING 3 potions of heal wounds.
  4391 | D:6      | Found a shimmering blue altar of Sif Muna.
  4626 | D:6      | Found a staircase to the Ecumenical Temple.
  4627 | D:6      | 4627 ||| PLANNING TEMPLE
  4627 | D:6      | 4627 ||| READING scroll labelled BOJ ZOQOTE.
  4741 | Temple   | Entered the Ecumenical Temple
  4742 | Temple   | 4742 ||| PLANNING OKAWARU WORSHIP
  4749 | Temple   | Became a worshipper of Warmaster Okawaru
  4750 | Temple   | 4750 ||| PLANNING D:1-11
  4855 | D:6      | 4855 ||| Stepping randomly (disturbance).
  4865 | D:6      | Reached skill level 13 in Ranged Weapons
  5095 | D:6      | Identified the +5 ring mail of Mumblety Peg {*Slow Regen+
                  | Dex+5}
  5203 | D:6      | 5203 ||| UPGRADING to +5 ring mail of Mumblety Peg {*Slow
                  | Regen+ Dex+5}.
  5213 | D:6      | 5213 ||| DROPPING +0 ring mail.
  5377 | D:7      | Found a shimmering altar of Xom.
  5381 | D:7      | Reached skill level 6 in Dodging
  5386 | D:7      | Reached * piety under Okawaru
  5387 | D:7      | Reached XP level 9. HP: 51/51 MP: 11/11
  5549 | D:7      | Reached skill level 1 in Invocations
  5677 | D:7      | Reached skill level 14 in Ranged Weapons
  5932 | D:7      | Found a sparkling altar of Nemelex Xobeh.
  5940 | D:7      | Reached skill level 3 in Invocations
  5978 | D:7      | 5978 ||| UPGRADING to +2 pair of boots.
  5988 | D:7      | 5988 ||| DROPPING +0 pair of boots.
  5989 | D:7      | 5989 ||| READING 2 scrolls of identify.
  5989 | D:7      | 5989 ||| IDENTIFYING scroll labelled ASAPOM ASAITWY
  5990 | D:7      | 5990 ||| READING scroll of enchant weapon.
  5990 | D:7      | 5990 ||| ENCHANTING +0 orcbow.
  6066 | D:8      | Found a hide-covered altar of Uskayaw.
  6319 | D:8      | Identified the +1 robe of Subjectivity {Rampage rC+}
  6366 | D:8      | Reached ** piety under Okawaru
  6804 | D:8      | 6804 ||| UPGRADING to +0 pair of gloves.
  6809 | D:8      | 6809 ||| DROPPING ring of flight.
  6810 | D:8      | 6810 ||| READING 2 scrolls of identify.
  6810 | D:8      | 6810 ||| IDENTIFYING 2 red potions
  6811 | D:8      | 6811 ||| READING scroll of identify.
  6811 | D:8      | 6811 ||| IDENTIFYING scroll labelled LAAHEM UKUSSY
  6812 | D:8      | 6812 ||| READING scroll labelled VIPPEHI ECWI.
  6834 | D:8      | 6834 ||| DROPPING scroll of immolation.
  6888 | D:9      | Reached skill level 15 in Ranged Weapons
  7086 | D:9      | Noticed Erolcha
  7087 | D:9      | 7087 ||| INVOKING Heroism.
  7089 | Abyss:2  | Cast into level 2 of the Abyss (Erolcha)
  7123 | Abyss:2  | Found a corrupted altar of Lugonu.
  7153 | Abyss:2  | Noticed an Executioner
  7154 | Abyss:2  | 7154 ||| INVOKING Heroism.
  7155 | Abyss:2  | 7155 ||| DRINKING 3 potions of haste.
  7161 | Abyss:2  | HP: 6/51 [Executioner (14)]
  7161 | Abyss:2  | Slain by an Executioner

Levels and vault maps discovered:
D:1:      mrwooster_arrival_statue_2, layout_loops_ring
D:2:      layout_basic, serial_shops, nicolae_shop_industrial_runoff, uniq_robin
D:3:      layout_loops_ring, serial_rivers, chequers_serial_rivers_marsh,
          chequers_serial_rivers_room_a, chequers_serial_rivers_small_3,
          chequers_serial_rivers_room_a, chequers_serial_rivers_small_b
D:4:      layout_loops_corners, grunt_decor_junction, saegor_snake_ambush,
          uniq_sigmund
D:5:      layout_loops_ring, serial_bayou_lake_a, uniq_edmund
D:6:      layout_cave_pods, nicolae_sif_muna_condensation,
          minmay_temple_entry_trees
D:7:      layout_loops_cross, nemelex_dance_club_becter,
          regret_index_xom_of_box, dk_rats_in_the_wall
D:8:      layout_loops_ring, nicolae_uskayaw_murder_on_the_dancefloor,
          serial_library_hellmonk_filled_rooms, minmay_diced_spiral
D:9:      layout_layer_cave, hiddenorc1_lemuel, kennysheep_big_empty_room,
          uniq_erolcha
Temple:   nicolae_temple_two_arcs
Abyss:2:  base:
D:6

Skill      XL: |  1  2  3  4  5  6  7  8  9 |
---------------+----------------------------+-----
Ranged Weapons | 6 7 8 9 10 11 13 15 | 15.1
Fighting       | 2 3 |  3.4
Armour         | 1 2 |  2.1
Dodging        | 3 5 6 7 |  7.0
Invocations    | 4 |  4.0
Stealth        | |  1.2

Action                     |  1- 3 |  4- 6 |  7- 9 || total
---------------------------+-------+-------+-------++-------
   Fire: Shortbow          |    95 |   130 |       ||   225
         Orcbow            |       |    52 |   263 ||   315
 Invoke: Heroism           |       |       |     2 ||     2
    Use: Scroll            |     2 |     7 |     9 ||    18
         Potion            |       |     3 |     2 ||     5
 Armour: Leather armour    |     9 |       |       ||     9
         Ring mail         |     3 |    52 |    86 ||   141
  Dodge: Dodged            |    33 |    48 |    74 ||   155

Table legend:
 A = Non-vault XP
 B = Vault XP
 C = Vault XP percentage of total XP
 D = Non-vault monster count
 E = Vault monster count
 F = Vault count percentage of total count
                 A         B        C        D         E       F
            +---------+---------+-------+---------+---------+-------
      Total |    3861 |     951 |  19.8 |     140 |      22 |  13.6
            +---------+---------+-------+---------+---------+-------
        D:1 |      28 |       0 |   0.0 |      16 |       0 |   0.0
        D:2 |      56 |      35 |  38.5 |      21 |      12 |  36.4
        D:3 |     164 |       0 |   0.0 |      22 |       0 |   0.0
        D:4 |     196 |     233 |  54.3 |      17 |       2 |  10.5
        D:5 |     697 |     166 |  19.2 |      10 |       1 |   9.1
        D:6 |     828 |       0 |   0.0 |      16 |       0 |   0.0
        D:7 |     756 |     409 |  35.1 |      21 |       4 |  16.0
        D:8 |    1000 |     108 |   9.7 |      14 |       3 |  17.6
        D:9 |     136 |       0 |   0.0 |       3 |       0 |   0.0
            +---------+---------+-------+---------+---------+-------
